AoeStats
← De1moS

Arabia

512202615Analyzed
1v1 RM · 11d ago on Oct 8, 2026· 32m 37s· 2 players
Game mode
Random Map
Map size
Tiny (2 player)
Population
200
Speed
Normal
Resources
Standard
Victory
Conquest
Starting age
Dark Age
Ending age
Imperial Age
RankedLock teamsTeams togetherTeam positionsShared explorationLock speedFull tech treeHidden civsTurbo modeCheats
Victory
Defeat
🇮🇳 Bengalis · India
1138
+16
vs
🇦🇷 Magyars · Argentina
1135
-16
viejomeado22
7:23 Loom
9:54 Feudal Age
10:50 Double-Bit Axe
12:30 Horse Collar
20:12 Wheelbarrow
23:17 Castle Age
21:30 Fletching
21:52 Gold Mining
23:09 Padded Archer Armor
24:12 Bodkin Arrow
25:56 Bloodlines
27:22 Husbandry
De1moS
7:01 Loom
9:17 Feudal Age
10:17 Double-Bit Axe
13:07 Scale Barding Armor
18:30 Bloodlines
20:57 Forging
24:41 Castle Age
23:34 Wheelbarrow
23:21 Fletching
23:28 Gold Mining
25:17 Bodkin Arrow
28:01 Husbandry
29:22 Padded Archer Armor
30:56 Ballistics
31:12 Leather Archer Armor
Connection lost

Rejoining the realm…

Still unreachable

The connection could not be restored.

Session expired

The server has moved on; the page needs a fresh start.